 Dungeon Sprint DCSS version 0.27.1-33-g824d729ab1 (webtiles) character file.

Game seed: 2020792390698838343

27 Adenis the Ducker (level 2, -4/31 HPs)
             Began as a Troll Fighter on Dec 3, 2021.
             Slain by an ogre (15 damage)
             ... in the Dungeon (Sprint I: "Red Sonja").
             The game lasted 00:01:13 (38 turns).

Adenis the Ducker (Troll Fighter)                     Turns: 38, Time: 00:01:14

Health: -4/31      AC:  4    Str: 23    XL:     2   Next: 93%
Magic:  1/1        EV:  8    Int:  4    God:
Gold:   0          SH:  9    Dex:  9    Spells: 1/1 levels left

rFire    . . .     SeeInvis .   k - +3 club (spect)
rCold    . . .     Faith    .   c - +0 kite shield
rNeg     . . .     Spirit   .   b - +0 robe
rPois    .         Reflect  .   (helmet restricted)
rElec    .         Harm     .   (no cloak)
rCorr    .         Rampage  .   (gloves unavailable)
Will     .....     NoTele   +   (boots unavailable)
Stlth    +.........             (no amulet)
HPRegen  1.10/turn              (no ring)
MPRegen  0.07/turn              (no ring)

@: no status effects
A: large, unfitting armour, claws 3, regeneration 1, shaggy fur 1, tough skin 1
a: no special abilities


You were in the Dungeon.
You visited 1 branch

Inventory:

Hand Weapons
 k - a +3 spectral club (weapon)
 l - a +0 flail
Armour
 a - a +3 leather armour of fire resistance
 b - a +0 robe (worn)
 c - a +0 kite shield (worn)
Scrolls
 j - a scroll of blinking
Potions
 d - a potion of might
 e - a potion of curing
 f - a potion of heal wounds
 g - a potion of haste
 h - 2 potions of magic
 i - a potion of berserk rage


   Skills:
 + Level 3.5 Fighting
 + Level 2.6 Maces & Flails
 + Level 3.7 Dodging
 + Level 3.4 Shields


You had one spell level left.
You didn't know any spells.
Your spell library was empty.

Dungeon Overview and Level Annotations

Branches:
Dungeon (1/1)

Altars:


Innate Abilities, Weirdness & Mutations

You are too large for most types of armour.
You have claws for hands.
Your natural rate of healing is unusually fast.
You are covered in fur. (AC +1)
You have tough skin. (AC +1)


Message History

Your Maces & Flails skill increases to level 2!
Your Dodging skill increases to level 3!
Your Shields skill increases to level 3!
You have reached level 2!
Things that are here:
a +3 spectral club; a +3 leather armour of fire resistance; the goblin corpse of Ijyb
k - a +3 spectral club
l - a +3 leather armour of fire resistance You are now empty-clawed.
You feel a bond with your your +3 spectral club.
k - a +3 spectral club (weapon)
You see here the goblin corpse of Ijyb.
This armour is too small for you!
Adjust to which letter? (? for menu, Esc to quit)
Huh?
Adjust to which letter? (? for menu, Esc to quit)
Huh?
Adjust to which letter? (? for menu, Esc to quit)
a - a +3 leather armour of fire resistance
l - a +0 flail Unknown command.
You see here the goblin corpse of Ijyb.
Unknown command.
You open the door.
An ogre comes into view. It is wielding a +0 giant club.
The ogre shouts!
The ogre closely misses you.
There is an open door here.
Your shield prevents you from hitting the ogre.
Your +3 spectral club closely misses the ogre.
The ogre hits you with a +0 giant club!
You hit the ogre.
The ogre is lightly wounded.
Your +3 spectral club hits the ogre!
The ogre hits you with a +0 giant club!
* * * LOW HITPOINT WARNING * * *
You see here the goblin corpse of Ijyb.
You sock the ogre!
The ogre is severely wounded.
Your +3 spectral club hits the ogre!
The ogre hits you with a +0 giant club!
You die...

##########
#<.#(.§§.#
#..'@O#§.+
#..#####+#
#..# #..#
#..# #⌠⌠#
####


You could see an ogre and a friendly +3 spectral club (summoned).

Vanquished Creatures
  Ijyb (D)
1 creature vanquished.

Notes
Turn   | Place    | Note
-------+----------+-------------------------------------------
     0 | D        | Adenis the Troll Fighter began the quest for the Orb.
     0 | D        | Reached XP level 1. HP: 22/22 MP: 0/0
     2 | D        | Noticed Ijyb
    20 | D        | Killed Ijyb
    21 | D        | Reached XP level 2. HP: 16/31 MP: 1/1
    32 | D        | Noticed an ogre
    38 | D        | Slain by an ogre

Illustrated notes

Levels and vault maps discovered:
D:        dungeon_sprint_1 [red_sonja_temple_1, red_sonja_temple_small_1]

Skill      XL: |  1 |
---------------+----+-----
Fighting       | 3 |  3.5
Maces & Flails | 2 |  2.6
Dodging        | 3 |  3.7
Shields        | 3 |  3.4

Action                   || total
-------------------------++-------
Melee: Flail             ||    17
       Club              ||     3
Armor: Robe              ||     5
Dodge: Dodged            ||     7
Block: Kite shield       ||     5
